 Dungeon Crawl Stone Soup version 0.30.1-5-ged363bc7ee (webtiles) character file.

Game seed: 2217707393771731155

19 H0rd4k the Charlatan (level 2, -2/21 HPs)
             Began as a Human Artificer on Sept 19, 2023.
             Succumbed to an adder's poison
             ... on level 2 of the Dungeon.
             The game lasted 00:01:09 (853 turns).

H0rd4k the Charlatan (Human Artificer)               Turns: 853, Time: 00:01:09

Health: -2/21      AC:  3    Str: 12    XL:     2   Next: 95%
Magic:  11/11      EV: 11    Int: 11    God:
Gold:   49         SH:  0    Dex: 13    Spells: 1/1 levels left

rFire   . . .        a - +0 club
rCold   . . .        (no shield)
rNeg    . . .        b - +0 leather armour
rPois   .            (no helmet)
rElec   .            (no cloak)
rCorr   .            (no gloves)
SInv    .            (no boots)
Will    .....        (no amulet)
Stlth   +            j - ring of magical power
HPRegen 0.23/turn    (no ring)
MPRegen 0.12/turn

%: no passive effects
@: lethally poisoned (-2 -> -11)
A: no striking features
a: no special abilities


You were on level 2 of the Dungeon.
You visited 1 branch of the dungeon, and saw 2 of its levels.

You collected 49 gold pieces.

Inventory:

Hand Weapons
 a - a +0 club (weapon)
Missiles
 g - a throwing net
Armour
 b - a +0 leather armour (worn)
Jewellery
 j - a ring of magical power (left hand)
Wands
 c - a wand of flame (7) (quivered)
 d - a wand of charming (15)
 e - a wand of iceblast (5)
Scrolls
 f - 3 scrolls of teleportation {unknown}
 i - a scroll of identify {unknown}
 k - a scroll of immolation {unknown}
 l - a scroll of poison {unknown}
Potions
 h - 2 potions of brilliance {unknown}


   Skills:
 + Level 1.1 Fighting
 + Level 0.4 Maces & Flails
 - Level 2.0 Armour
 + Level 1.4 Dodging
 - Level 1.0 Stealth
 + Level 3.5 Evocations


You had one spell level left.
You didn't know any spells.
Your spell library contained the following spells:

 Spells                   Type           Power      Damage    Failure   Level
 Necrotise                Necr           0%         1d4       41%         1
 Scorch                   Fire           0%         2d5       56%         2
 Vampiric Draining        Necr           0%         2d6       80%         3
 Flame Wave               Conj/Fire      0%         2d4       99%         4
 Agony                    Necr           0%         N/A       100%        5
 Summon Cactus Giant      Summ           0%         N/A       100%        6


Dungeon Overview and Level Annotations

Branches:
Dungeon (2/15)

Altars:


Message History

The adder is heavily wounded.
The adder closely misses you. The adder bites you.
You closely miss the adder.
The adder is heavily wounded.
The adder bites you but does no damage.
The puff of flame hits the adder.
The adder is almost dead.
The adder bites you. x2
You are poisoned.
The adder poisons you!
You are too injured to fight recklessly!
Okay, then.
Aiming: Throw Flame
Press: ? - help, Q - select action, (/) - cycle Shift-Dir - straight line, f/p - adder
Aim: an adder (almost dead, 53% to hit)
The puff of flame misses the adder.
* * * LOW HITPOINT WARNING * * *
You feel sick. The adder barely misses you.
Aiming: Throw Flame
Press: ? - help, Q - select action, (/) - cycle Shift-Dir - straight line, f/p - adder
Aim: an adder (almost dead, 53% to hit)
The puff of flame misses the adder.
* * * LOW HITPOINT WARNING * * *
You feel sick. The adder bites you.
* * * LOW HITPOINT WARNING * * *
Aiming: Throw Flame
Press: ? - help, Q - select action, (/) - cycle Shift-Dir - straight line, f/p - adder
Aim: an adder (almost dead, 53% to hit)
The puff of flame misses the adder.
* * * LOW HITPOINT WARNING * * *
You feel sick. The adder bites you.
* * * LOW HITPOINT WARNING * * *
You are more poisoned.
The adder poisons you! The adder bites you but does no damage.
Aiming: Throw Flame
Press: ? - help, Q - select action, (/) - cycle Shift-Dir - straight line, f/p - adder
Aim: an adder (almost dead, 53% to hit)
The puff of flame hits the adder!
You kill the adder!
You die...

##.#......##.#.#......
..........+ .#.#.....#
.#.##.....# .#.#######
#........# .#......
...#...?.$# #######.#
##.#......+ .#
#........### #
###......†.#
........@#.#
#..........#
#..#.#.#.#.#
##.........#
...#.#.#.#.#
.#.........#
..#.#.#.#.#
#.........#


There were no monsters in sight!

Vanquished Creatures
  An adder (D:2)
  2 ball pythons (D:1)
  An endoplasm (D:1)
  2 giant cockroaches
  2 goblins
  5 bats
  2 frilled lizards (D:1)
  A kobold (D:1)
  5 rats (D:1)
21 creatures vanquished.

Notes
Turn   | Place    | Note
-------+----------+-------------------------------------------
     0 | D:1      | H0rd4k the Human Artificer began the quest for the Orb.
     0 | D:1      | Reached XP level 1. HP: 15/15 MP: 1/1
   140 | D:1      | Reached XP level 2. HP: 10/21 MP: 2/2
   852 | D:2      | HP: 1/21 [adder (2)]
   853 | D:2      | Succumbed to an adder's poison

Illustrated notes

Levels and vault maps discovered:
D:1:      ldierk_walled_garden_2, layout_rooms, minmay_misc_feat_tower
D:2:      layout_basic, dreamdust_ecumenical_altar_drowned_temple,
          serial_co_window_serial, co_window_of_opportunity_a,
          co_window_paths_a, co_window_corner_a, co_window_corner_a,
          co_window_cross_1, co_window_2corner, co_window_corner_b,
          co_window_cross_3, co_window_corner_cb, co_window_broadway_b,
          glass_columns_b, glass_columns_b, glass_columns_c, glass_columns_a,
          glass_columns_b, minmay_tetromino_i2, uniq_terence, uniq_jessica

Action                     || total
---------------------------++-------
  Melee: Club              ||   115
         Punch             ||     1
  Evoke: Wand              ||     8
   Stab: Sleeping          ||     1
 Armour: Leather armour    ||    43
  Dodge: Dodged            ||    87
